 Dungeon Crawl Stone Soup version 0.30-a0-310-g7d6cbdfea6 (webtiles) character file.

Game seed: 352761990590946867

543 ryw the Insei (level 7, -1/54 HPs)
             Began as a Demonspawn Monk on Oct 25, 2022.
             Slain by an ogre
             ... wielding a +0 giant club
              (13 damage)
             ... on level 4 of the Dungeon.
             The game lasted 00:09:07 (4969 turns).

ryw the Insei (Demonspawn Monk)                     Turns: 4969, Time: 00:09:07

Health: -1/54      AC:  6    Str: 13    XL:     7   Next: 6%
Magic:  0/7        EV: 12    Int: 12    God:
Gold:   301        SH:  0    Dex: 17    Spells: 6/6 levels left

rFire   . . .      SeeInvis .      - Unarmed
rCold   . . .      Faith    .    (no shield)
rNeg    . . .      Spirit   +    f - +0 leather armour
rPois   .          Reflect  .    o - +2 helmet
rElec   .          Harm     .    (no cloak)
rCorr   .          Rampage  .    (no gloves)
Will    .....                    (no boots)
Stlth   ++........               (no amulet)
HPRegen 0.29/turn                (no ring)
MPRegen 0.20/turn                (no ring)

@: confused, brilliant, ambrosia-drunk
A: claws 1, thin skeletal structure 1, magic shield, magic regeneration
a: no special abilities


You were on level 4 of the Dungeon.
You visited 1 branch of the dungeon, and saw 5 of its levels.

You collected 301 gold pieces.

Inventory:

Hand Weapons
 m - the +1 rapier of the Ancients {freeze, rPois}
   (You found it on level 4 of the Dungeon)

   It freezes those it strikes, dealing additional cold damage.
   It can also slow down cold-blooded creatures.
   rPois:     It protects you from poison.
Missiles
 j - 3 throwing nets
 t - 2 poisoned darts (quivered)
Armour
 f - a +0 leather armour (worn)
 o - a +2 helmet (worn)
Wands
 g - a wand of polymorph (8)
 k - a wand of roots (16)
 p - a wand of flame (22)
Scrolls
 a - a scroll of teleportation
 l - 2 scrolls of enchant armour
 n - a scroll of immolation {unknown}
 s - a scroll of amnesia
 u - a scroll of fear
Potions
 c - 2 potions of cancellation
 e - a potion of heal wounds {unknown}
 h - 2 potions of lignification {unknown}
 i - 3 potions of curing {unknown}
 q - a potion of invisibility {unknown}


   Skills:
 - Level 4.0 Fighting
 - Level 2.6 Dodging
 - Level 1.7 Stealth
 * Level 7.0 Unarmed Combat


You had 6 spell levels left.
You didn't know any spells.
Your spell library contained the following spells:

 Spells                   Type           Power      Damage    Failure   Level
 Necrotise                Necr           0%         1d4       38%         1
 Dazzling Flash           Conj/Hex       0%         N/A       77%         3
 Vampiric Draining        Necr           0%         2d6       77%         3
 Agony                    Necr           0%         N/A       100%        5
 Silence                  Hex/Air        0%         N/A       100%        5


Dungeon Overview and Level Annotations

Branches:
Dungeon (5/15)
 Temple: D:4-7

Altars:

Shops:
D:4 (

Annotations:
D:5 Sigmund


Innate Abilities, Weirdness & Mutations

You have sharp fingernails.
You have a somewhat thin skeletal structure. (Dex +2, Stealth+)
When hurt, damage is shared between your health and your magic reserves.
You regenerate magic rapidly.


Message History

The ogre barely misses you.
It was a potion of brilliance.
You feel clever all of a sudden. Sigmund hits you with a +0 scythe.
Blink to where?
Press: ? - help, Dir - move target
As you read the scroll of blinking, it crumbles to dust.
Sigmund casts a spell at you.
You are confused.
You bump into the rock wall.
You bump into the rock wall.
Sigmund casts a spell.
Sigmund flickers and vanishes!
Deactivating autopickup; reactivate with Ctrl-A.
You bump into the rock wall.
You feel less confused. The ogre attacks as you move away! The ogre misses you.
The ogre attacks as you move away! The ogre barely misses you.
There is a stone staircase leading up here.
The ogre closely misses you.
You climb upwards.
Reactivating autopickup.
There is a stone staircase leading down here.
You scratch the ogre.
The ogre is lightly wounded.
The ogre hits you with a +0 giant club!!
You barely miss the ogre.
The ogre is lightly wounded.
You scratch the ogre.
The ogre is moderately wounded.
The ogre hits you with a +0 giant club!!
* * * LOW HITPOINT WARNING * * *
You are too injured to fight recklessly!
Unknown command.
You are confused.
You feel invigorated.
You barely miss the ogre.
The ogre is moderately wounded.
The ogre hits you with a +0 giant club!!
You die...

#..........# #.########.#
#.########.##### #####
#........#.....# ....#
########.#####.#
....############ #.# #.#
...............# #.#####.#
...............###<......#
................@O#.######
...............##.#.#
...............##.#.###
....#############.#...#
....# ####### #.###.#
....# #.....# #.....#
##### #.....# #.##### .#
#.....# #.# )# #.....# #.#


You could see an ogre.

Vanquished Creatures
  A phantom (D:2)
  A jelly (D:5)
  2 hounds
  An iguana (D:5)
  2 orc wizards (D:5)
  4 adders
  15 gnolls
  A white imp (D:5)
  3 dart slugs
  14 orcs
  4 endoplasms
  3 giant cockroaches
  7 goblins
  9 hobgoblins
  8 jackals (D:1)
  6 quokkas
  6 ball pythons
  6 bats
  6 frilled lizards
  8 kobolds
  3 rats
110 creatures vanquished.

Notes
Turn   | Place    | Note
-------+----------+-------------------------------------------
     0 | D:1      | ryw the Demonspawn Monk began the quest for the Orb.
     0 | D:1      | Reached XP level 1. HP: 18/18 MP: 1/1
   126 | D:1      | Gained mutation: You have sharp fingernails. [demonic
                  | ancestry]
   126 | D:1      | Reached XP level 2. HP: 19/24 MP: 2/2
   465 | D:1      | Reached skill level 3 in Unarmed Combat
   710 | D:1      | Gained mutation: You regenerate magic rapidly. [demonic
                  | ancestry]
   710 | D:1      | Reached XP level 3. HP: 27/30 MP: 3/3
  1797 | D:3      | Noticed a phantom
  1940 | D:3      | Gained mutation: When hurt, damage is shared between your
                  | health and your magic reserves. [demonic ancestry]
  1940 | D:3      | Reached XP level 4. HP: 20/37 MP: 4/4
  2037 | D:3      | Reached skill level 4 in Unarmed Combat
  2567 | D:3      | Gained mutation: You have a somewhat thin skeletal
                  | structure. (Dex +2, Stealth+) [demonic ancestry]
  2567 | D:3      | Reached XP level 5. HP: 37/42 MP: 3/5
  2697 | D:2      | Killed a phantom
  2698 | D:2      | Reached skill level 5 in Unarmed Combat
  3119 | D:4      | Identified the +1 rapier of the Ancients {freeze, rPois}
  3224 | D:4      | Reached XP level 6. HP: 32/48 MP: 3/6
  3294 | D:4      | Found Qoophuc's Antique Weapon Boutique.
  3901 | D:5      | Entered Level 5 of the Dungeon
  3919 | D:4      | Reached skill level 6 in Unarmed Combat
  4336 | D:5      | Reached XP level 7. HP: 53/54 MP: 7/7
  4463 | D:5      | Reached skill level 7 in Unarmed Combat
  4661 | D:5      | Noticed Sigmund
  4969 | D:4      | Slain by an ogre

Illustrated notes

Levels and vault maps discovered:
D:1:      eino_arrival_cavern_e, layout_loops_corners
D:2:      layout_loops_ring, kennysheep_doodads, kennysheep_nub
D:3:      layout_loops_cross
D:4:      layout_basic, serial_shops, kennysheep_little_box,
          amcnicky_mini_corridor_feature
D:5:      layout_basic, kennysheep_nondescript, sigmund_army

Skill      XL: |  1  2  3  4  5  6  7 |
---------------+----------------------+-----
Unarmed Combat | 3 4 5 6 7 |  7.0
Fighting       | 4 |  4.0
Dodging        | |  2.6
Stealth        | |  1.7

Action                   |  1- 3 |  4- 6 |  7- 9 || total
-------------------------+-------+-------+-------++-------
Melee: Unarmed           |   128 |   217 |     6 ||   351
       Punch             |     3 |     6 |       ||     9
  Use: Scroll            |     3 |     8 |     1 ||    12
       Potion            |       |       |     2 ||     2
 Stab: Sleeping          |     5 |     5 |     1 ||    11
       Distracted        |       |     2 |       ||     2
Armor: Robe              |    10 |       |       ||    10
       Leather armour    |    23 |    44 |     1 ||    68
Dodge: Dodged            |    74 |   100 |     9 ||   183

Table legend: (Time is in decaauts)
 A = Elapsed time spent in this place.
 B = Non-inter-level travel time spent in this place.
 C = Inter-level travel time spent in this place.
 D = Time resting spent in this place.
 E = Time spent auto-exploring this place.
 F = Levels seen in this place.
 G = Mean time per level.
                   A        B        C        D        E       F      G
               +--------+--------+--------+--------+--------+-----+--------+
         Total |   4952 |   4659 |    293 |    613 |   3066 |   5 |  990.4 |
       Dungeon |   4952 |   4659 |    293 |    613 |   3066 |   5 |  990.4 |
               +--------+--------+--------+--------+--------+-----+--------+

Top non-repeatable levels by time:
     D:2: 1140 daAuts
     D:4: 1103 daAuts
     D:1: 1000 daAuts
     D:3: 871 daAuts
     D:5: 836 daAuts
